 Dungeon Crawl Stone Soup version 0.27-a0-1280-g9d2d252d84 (webtiles) character file.

Game seed: 11046572814808787083

59 Glokmah the Poker (level 4, -6/37 HPs)
             Began as a Merfolk Fighter on June 13, 2021.
             Mangled by a gnoll (8 damage)
             ... on level 1 of the Dungeon.
             The game lasted 00:01:56 (1437 turns).

Glokmah the Poker (Merfolk Fighter)                 Turns: 1437, Time: 00:01:57

Health: -6/37      AC:  8    Str: 16    XL:     4   Next: 3%
Magic:  4/4        EV:  4    Int:  7    God:
Gold:   17         SH:  9    Dex: 14    Spells: 3/3 levels left

rFire    . . .     SeeInvis .   a - +0 trident
rCold    + . .     Faith    .   c - +0 kite shield
rNeg     . . .     Spirit   .   e - +0 chain mail
rPois    .         Reflect  .   (no helmet)
rElec    .         Harm     .   (no cloak)
rCorr    .         Rampage  .   (no gloves)
Will     .....                  (no boots)
Stlth    ..........             (no amulet)
HPRegen  0.12/turn              l - ring of protection from cold
MPRegen  0.09/turn              (no ring)

@: no status effects
A: (nimble swimmer 2), mertail
a: no special abilities


You were on level 1 of the Dungeon.
You visited 1 branch of the dungeon, and saw 2 of its levels.

You collected 17 gold pieces.

Inventory:

Hand Weapons
 a - a +0 trident (weapon)
Missiles
 r - 8 boomerangs (quivered)
Armour
 c - a +0 kite shield (worn)
 e - a +0 chain mail (worn)
Jewellery
 h - a ring of ice
 l - a ring of protection from cold (left hand)
Scrolls
 b - a scroll of enchant weapon {unknown}
 f - a scroll of identify {unknown}
 g - a scroll of fog {unknown}
 i - a scroll of enchant armour {unknown}
 q - a scroll of brand weapon {unknown}
Potions
 d - a potion of might
 j - 2 potions of curing {unknown}
 k - a potion of cancellation {unknown}
 m - 2 potions of brilliance {unknown}
 n - a potion of degeneration {unknown}
 o - a potion of flight {unknown}
 p - a potion of heal wounds {unknown}
 s - 2 potions of ambrosia {unknown}


   Skills:
 + Level 3.7 Fighting
 * Level 4.5 Polearms
 + Level 0.0 Throwing
 - Level 2.1 Armour
 * Level 3.7 Shields


You had 3 spell levels left.
You didn't know any spells.
Your spell library was empty.

Dungeon Overview and Level Annotations

Branches:
Dungeon (2/15)

Altars:


Innate Abilities, Weirdness & Mutations

((You are quick and stealthy near water. (Stealth+, EV+, Speed+++)))
Your lower body shifts to a powerful aquatic tail in water.


Message History

You throw a boomerang. The boomerang hits the gnoll.
The gnoll is lightly wounded.
Unknown command.
The gnoll barely misses you.
The gnoll hits you from afar with a +0 spear.
The bat hits you but does no damage. The bat hits you but does no damage.
You block the bat's attack.
A dart slug comes into view.
You block the bat's attack. The dart slug launches a dart at you.
The slug dart hits you.
There is a stone staircase leading up here.
The bat hits you but does no damage.
The gnoll hits you from afar with a +0 spear.
You block the gnoll's attack. The dart slug launches a dart at you.
The slug dart hits you.
You climb upwards.
There is a stone staircase leading down, spattered with blood here.
You completely miss the gnoll. The gnoll barely misses you.
You closely miss the gnoll. The gnoll hits you with a +0 flail.
Your shield prevents you from hitting the gnoll.
You block the gnoll's attack. The gnoll hits you but does no damage.
You puncture the gnoll!
The gnoll is heavily wounded.
The gnoll hits you with a +0 flail.
You hit the gnoll but do no damage.
The gnoll is heavily wounded.
The gnoll hits you with a +0 flail!
You hit the gnoll.
The gnoll is almost dead.
The gnoll hits you with a +0 flail.
* * * LOW HITPOINT WARNING * * *
The gnoll hits you with a +0 flail.
* * * LOW HITPOINT WARNING * * *
You barely miss the gnoll.
The gnoll is almost dead.
The gnoll hits you with a +0 flail!
You die...

#.# #.....# #.# #.#
#####.# #.# #.# #.#
#.# #.# #.# #.# #.#
#.# #.# #.# #.# #.#
#.# #.# #.#
#.############.####.#
#...........##)#@...#
#######.###.##.#g####
#.# #>...#.#
#.###.####.# #.....#
#.# #.#.######.#
#.#......#.#
#.######.#.# #.#
#.#.#


You could see a gnoll.

Vanquished Creatures
  Jessica (D:1)
  A gnoll (D:1)
  An orc (D:2)
  5 endoplasms
  2 goblins
  2 hobgoblins (D:1)
  A quokka (D:1)
  3 ball pythons
  2 bats
  2 kobolds (D:1)
  A rat (D:1)
21 creatures vanquished.

Notes
Turn   | Place    | Note
-------+----------+-------------------------------------------
     0 | D:1      | Glokmah the Merfolk Fighter began the quest for the Orb.
     0 | D:1      | Reached XP level 1. HP: 18/18 MP: 1/1
   643 | D:1      | Reached XP level 2. HP: 24/24 MP: 2/2
   930 | D:2      | Noticed Jessica
   957 | D:1      | HP: 1/24 [gnoll (2)]
  1255 | D:1      | Killed Jessica
  1256 | D:1      | Reached skill level 4 in Polearms
  1256 | D:1      | Reached XP level 3. HP: 30/30 MP: 3/3
  1371 | D:2      | Reached XP level 4. HP: 37/37 MP: 4/4
  1437 | D:1      | Mangled by a gnoll

Illustrated notes

Levels and vault maps discovered:
D:1:      noname_arrival_rooms_in_the_neighbourhood, layout_loops_ring,
          hangedman_decor_growths, hangedman_decor_lopped
D:2:      layout_basic, basic_altar, chequers_serial_rivers_marsh, uniq_natasha,
          uniq_jessica

Skill      XL: |  1  2 |
---------------+-------+-----
Polearms       | 4 |  4.5
Fighting       | |  3.7
Armour         | |  2.1
Shields        | |  3.7

Action                   |  1- 3 |  4- 6 || total
-------------------------+-------+-------++-------
Melee: Trident           |    50 |    12 ||    62
Throw: Boomerang         |       |     3 ||     3
Armor: Chain mail        |    14 |     6 ||    20
Dodge: Dodged            |     8 |     3 ||    11
Block: Kite shield       |    19 |     6 ||    25

Table legend: (Time is in decaauts)
 A = Elapsed time spent in this place.
 B = Non-inter-level travel time spent in this place.
 C = Inter-level travel time spent in this place.
 D = Time resting spent in this place.
 E = Time spent auto-exploring this place.
 F = Levels seen in this place.
 G = Mean time per level.
                   A        B        C        D        E       F      G
               +--------+--------+--------+--------+--------+-----+--------+
         Total |   1464 |   1385 |     79 |    277 |    856 |   2 |  732.0 |
       Dungeon |   1464 |   1385 |     79 |    277 |    856 |   2 |  732.0 |
               +--------+--------+--------+--------+--------+-----+--------+

Top non-repeatable levels by time:
     D:1: 1279 daAuts
     D:2: 185 daAuts
